 Dungeon Sprint DCSS version 0.23-b1-6-ga921848b48 (webtiles) character file.

Game seed: 9085229809853013044

331 Kroll the Fighter (level 6, -12/70 HPs)
             Began as a Minotaur Abyssal Knight on Feb 2, 2019.
             Was a Follower of Lugonu.
             Mangled by a tentacle (25 damage)
             ... attached to a kraken
             ... in the Dungeon (Sprint II: "The Violet Keep of Menkaure").
             The game lasted 00:05:58 (54 turns).

Kroll the Fighter (Minotaur Abyssal Knight)           Turns: 54, Time: 00:05:58

Health: -12/70     AC:  3    Str: 19    XL:     6   Next: 26%
Magic:  6/8        EV: 12    Int:  9    God:    Lugonu [*.....]
Gold:   243        SH:  0    Dex:  9    Spells: 5/5 levels left

rFire    . . .     SeeInvis .   a - +1 hand axe
rCold    . . .     Gourm    .   (no shield)
rNeg     . . .     Faith    .   b - +0 leather armour
rPois    .         Spirit   .   (helmet restricted)
rElec    .         Reflect  .   (no cloak)
rCorr    .         Harm     .   (no gloves)
MR       .....     NoTele   +   (no boots)
Stlth    +.........             (no amulet)
HPRegen  0.21/turn              (no ring)
MPRegen  0.11/turn              (no ring)

@: very slow
A: retaliatory headbutt, horns 2
a: Renounce Religion


You were in the Dungeon.
You worshipped Lugonu.
Lugonu was aware of your devotion.
You were not hungry.

You visited 1 branch You collected 243 gold pieces.

Inventory:

Hand Weapons
 a - a +1 hand axe (weapon)
 k - a +0 spear
Armour
 b - a +0 leather armour (worn)
Scrolls
 i - a scroll of blinking
Potions
 d - a potion of curing
 e - a potion of heal wounds
 f - a potion of haste
 g - 2 potions of magic
 h - a potion of berserk rage
Comestibles
 c - a ration
 j - 2 chunks of flesh


   Skills:
 + Level 12.0 Fighting
 + Level 8.0 Axes
 + Level 5.7 Armour
 + Level 2.1 Dodging
 + Level 4.4 Invocations


You had 5 spell levels left.
You didn't know any spells.
Your spell library was empty.

Dungeon Overview and Level Annotations

Branches:
Dungeon (1/1)

Altars:
Cheibriados
Dithmenos
Elyvilon
Fedhas
Gozag
Hepliaklqana
Kikubaaqudgha
Makhleb
Qazlal
Ru
Sif Muna
Trog
Uskayaw
Wu Jian
Xom
Yredelemnul
The Shining One
Beogh
Jiyva
Lugonu


Innate Abilities, Weirdness & Mutations

You reflexively headbutt those who attack you in melee.
You have a pair of horns on your head.


Message History

There is a bolt trap here.
You enter the shallow water.
Moving in this stuff is going to be slow.
Found four items.
Found an opulent altar of Gozag.
Found nine items.
Found fourteen items.
Found five items.
Found six items.
A kraken comes into view.
Tentacles burst out of the water!
A tentacle comes into view.
The tentacle closely misses you. The tentacle slaps you!!
Your unstable footing causes you to fumble your attack.
The tentacle barely misses you. You furiously retaliate!
You headbutt the tentacle, but do no damage.
The tentacle slaps you!! The tentacle slaps you!
* * * LOW HITPOINT WARNING * * *
The tentacle slaps you!!
You die...

#. ## +.### ○▓$$$)[!$[▓▓
.# ...# #▓)!$!)([!▓▓ .##
#..# #▓%([$%?![▓▓ ..#
+.^# #▓!(($[?$$▓▓ ..#
#..# #▓(!%!??(?▓▓
..####..####▓($?!?$((▓▓
....###^..##▓▓▓▓▓▓▓+▓▓▓▓+
...§..≈≈≈≈≈≈≈≈≈≈@w≈───Xw≈
≈...§.≈#+########+###w≈w≈
≈≈≈≈..≈#.._.....#t§≈# ≈
≈≈≈≈≈.≈#._._....#§§§§
§≈§≈§≈≈#_._._...#≈§§≈
§§§≈≈≈≈#._._._..#§§§§≈
≈§§§≈≈≈#_._._._.#§§§§≈≈
§≈###§≈#._._._._#§§≈ §t
§≈ #≈≈#_._._


You could see a kraken, 4 tentacles and a crocodile.

Vanquished Creatures
  A merfolk siren (D)
1 creature vanquished.

Vanquished Creatures (others)
  A crocodile (D)
1 creature vanquished.

Grand Total: 2 creatures vanquished

Notes
Turn   | Place    | Note
-------+----------+-------------------------------------------
     0 | D        | Kroll the Minotaur Abyssal Knight began the quest for the
                  | Orb.
     0 | D        | Reached XP level 1. HP: 19/19 MP: 1/1
     1 | D        | Noticed a merfolk siren
    17 | D        | Killed a crocodile
    23 | D        | Killed a merfolk siren
    23 | D        | Reached skill level 12 in Fighting
    23 | D        | Reached skill level 5 in Armour
    23 | D        | Reached XP level 2. HP: 40/41 MP: 2/4
    23 | D        | Reached XP level 3. HP: 46/48 MP: 2/5
    23 | D        | Reached XP level 4. HP: 54/56 MP: 2/6
    23 | D        | Reached XP level 5. HP: 60/62 MP: 2/7
    23 | D        | Reached XP level 6. HP: 68/70 MP: 2/8
    36 | D        | Found a stormy altar of Qazlal.
    37 | D        | Found a hazy altar of Hepliaklqana.
    37 | D        | Found a sacrificial altar of Ru.
    37 | D        | Found an ornate altar of the Wu Jian Council.
    38 | D        | Found a roughly hewn altar of Beogh.
    38 | D        | Found a viscous altar of Jiyva.
    38 | D        | Found a deep blue altar of Sif Muna.
    39 | D        | Found a snail-covered altar of Cheibriados.
    39 | D        | Found an ancient bone altar of Kikubaaqudgha.
    39 | D        | Found a shimmering altar of Xom.
    39 | D        | Found a bloodstained altar of Trog.
    40 | D        | Found a shadowy altar of Dithmenos.
    40 | D        | Found a corrupted altar of Lugonu.
    40 | D        | Found a glowing golden altar of the Shining One.
    40 | D        | Found a basalt altar of Yredelemnul.
    40 | D        | Found a hide-covered altar of Uskayaw.
    41 | D        | Found a white marble altar of Elyvilon.
    41 | D        | Found a burning altar of Makhleb.
    42 | D        | Found a blossoming altar of Fedhas.
    44 | D        | Found an opulent altar of Gozag.
    51 | D        | Noticed a kraken
    54 | D        | Mangled by a tentacle

Skill      XL: |  1 |
---------------+----+-----
Fighting       | 12 | 12.0
Axes           | 8 |  8.0
Armour         | 5 |  5.7
Dodging        | 2 |  2.1
Invocations    | 4 |  4.4

Action                   |  1- 3 |  4- 6 || total
-------------------------+-------+-------++-------
Melee: Hand axe          |    21 |     1 ||    22
       Headbutt          |     6 |       ||     6
Dodge: Dodged            |     4 |     2 ||     6
